[ AOE2 MATCH · #495309296 ]
UnrankedItalians vs Koreans
Player's team · LOSS
Rival team · WIN
[ REPLAY ANALYSIS · EXTRACTED FROM THE RECORDED GAME ]
Feudal
10:50
Castle
24:32
Imperial
—
| APM avg | 36.3 |
| APM peak | 88 |
| eAPM avg | 18.8 |
| Villagers / military | 105 / 34 |
Focus
⚔️ 18.4% · 🌾 81.6%
Genoese Crossbowman ×13 · Mangonel ×5 · Skirmisher ×5 · Scout Cavalry ×5 · Knight ×2 · Spearman ×2
Feudal
10:10
Castle
24:16
Imperial
—
| APM avg | 23.6 |
| APM peak | 60 |
| eAPM avg | 16.2 |
| Villagers / military | 116 / 64 |
Focus
⚔️ 24.9% · 🌾 75.1%
Archer ×30 · War Wagon ×9 · Fire Lancer ×8 · Spearman ×6 · Skirmisher ×6 · Scout Cavalry ×3
Match map
Initial resources + every placement click. Lines = walls · curves = elevation contours. ◆ gold · ⬟ stone · ● berries · ✦ relic · ◌ wall gap
Your base· ✓ Closed at 24:32 · 36t walls · 1 gate(s)
gotdapower's base· Open — unwalled flank
Smoothed initial terrain · ◌ = detected wall gap · hover for details
Inputs per minute
— Guacamole de Élite - - gotdapower
Build order — Guacamole de Élite
First 150 of 241 actions detected
| 0:01 | Queue | Villager (Male) |
| 0:01 | Queue | Villager (Male) |
| 0:01 | Queue | Villager (Male) |
| 0:02 | Queue | Villager (Male) |
| 0:02 | Queue | Villager (Male) |
| 0:02 | Queue | Villager (Male) |
| 0:04 | Build | House |
| 0:06 | Build | House |
| 1:30 | Queue | Villager (Male) |
| 1:30 | Queue | Villager (Male) |
| 1:46 | Build | Lumber Camp |
| 2:17 | Queue | Villager (Male) |
| 2:17 | Queue | Villager (Male) |
| 2:18 | Queue | Villager (Male) |
| 2:18 | Queue | Villager (Male) |
| 2:49 | Queue | Villager (Male) |
| 2:49 | Queue | Villager (Male) |
| 2:59 | Build | House |
| 3:06 | Queue | Villager (Male) |
| 3:07 | Queue | Villager (Male) |
| 3:39 | Queue | Villager (Male) |
| 3:39 | Queue | Villager (Male) |
| 3:40 | Queue | Villager (Male) |
| 3:54 | Queue | Villager (Male) |
| 4:09 | Build | House |
| 4:11 | Build | House |
| 4:12 | Build | House |
| 4:13 | Build | House |
| 4:38 | Research | Loom |
| 5:05 | Build | Mill |
| 5:13 | Queue | Villager (Male) |
| 5:13 | Queue | Villager (Male) |
| 5:15 | Queue | Villager (Male) |
| 5:15 | Queue | Villager (Male) |
| 5:18 | Build | House |
| 5:47 | Queue | Villager (Male) |
| 5:48 | Queue | Villager (Male) |
| 6:07 | Build | Palisade Gate |
| 6:18 | Queue | Villager (Male) |
| 6:19 | Queue | Villager (Male) |
| 6:19 | Queue | Villager (Male) |
| 6:31 | Queue | Villager (Male) |
| 6:32 | Queue | Villager (Male) |
| 6:53 | Build | Palisade Wall |
| 6:55 | Build | Palisade Wall |
| 7:27 | Build | Barracks |
| 7:42 | Queue | Villager (Male) |
| 7:42 | Queue | Villager (Male) |
| 7:43 | Queue | Villager (Male) |
| 7:43 | Queue | Villager (Male) |
| 7:51 | Queue | Villager (Male) |
| 8:34 | Build | Mining Camp |
| 8:40 | Research | Feudal Age |
| 9:00 | Build | Palisade Wall |
| 9:48 | Build | House |
| 9:49 | Build | House |
| 10:50 | Age | Feudal Age |
| 11:04 | Build | Archery Range |
| 11:07 | Queue | Villager (Male) |
| 11:07 | Queue | Villager (Male) |
| 11:09 | Research | Double-Bit Axe |
| 11:10 | Research | Horse Collar |
| 11:19 | Queue | Villager (Male) |
| 11:34 | Build | Stone Wall |
| 11:35 | Build | Stone Wall |
| 11:50 | Queue | Villager (Male) |
| 11:50 | Queue | Villager (Male) |
| 11:55 | Build | House |
| 12:01 | Queue | Spearman |
| 12:12 | Build | Stable |
| 12:21 | Queue | Villager (Male) |
| 12:22 | Queue | Villager (Male) |
| 12:28 | Build | Stone Wall |
| 12:28 | Build | Stone Wall |
| 12:31 | Build | Stone Wall |
| 12:45 | Build | Mining Camp |
| 13:01 | Research | Town Watch |
| 13:17 | Build | Farm |
| 13:19 | Build | Farm |
| 13:24 | Build | Farm |
| 13:28 | Build | Farm |
| 13:34 | Build | Mill |
| 13:36 | Queue | Villager (Male) |
| 13:37 | Queue | Villager (Male) |
| 13:40 | Build | Farm |
| 13:45 | Build | Farm |
| 13:48 | Build | Farm |
| 14:03 | Build | Stone Wall |
| 14:14 | Queue | Spearman |
| 14:36 | Queue | Villager (Male) |
| 14:42 | Build | Stone Wall |
| 14:43 | Build | Stone Wall |
| 14:48 | Build | Stone Wall |
| 15:13 | Queue | Scout Cavalry |
| 15:13 | Queue | Scout Cavalry |
| 15:19 | Queue | Skirmisher |
| 15:35 | Queue | Skirmisher |
| 15:42 | Build | Farm |
| 15:44 | Queue | Villager (Male) |
| 15:51 | Queue | Villager (Male) |
| 15:51 | Queue | Villager (Male) |
| 15:51 | Queue | Villager (Male) |
| 16:16 | Queue | Villager (Male) |
| 16:18 | Build | Farm |
| 16:29 | Queue | Skirmisher |
| 16:29 | Queue | Skirmisher |
| 16:44 | Build | Farm |
| 16:44 | Build | Farm |
| 16:44 | Build | Farm |
| 16:45 | Build | Farm |
| 16:55 | Queue | Villager (Male) |
| 16:55 | Queue | Villager (Male) |
| 17:17 | Queue | Skirmisher |
| 17:21 | Queue | Scout Cavalry |
| 17:22 | Queue | Scout Cavalry |
| 17:34 | Build | Watch Tower |
| 17:52 | Queue | Scout Cavalry |
| 18:00 | Build | Watch Tower |
| 18:23 | Build | Palisade Wall |
| 18:30 | Queue | Villager (Male) |
| 18:30 | Queue | Villager (Male) |
| 18:30 | Queue | Villager (Male) |
| 18:32 | Build | Farm |
| 19:04 | Queue | Villager (Male) |
| 19:06 | Build | Farm |
| 19:09 | Build | Stone Wall |
| 19:28 | Queue | Villager (Male) |
| 19:31 | Build | Farm |
| 19:33 | Queue | Villager (Male) |
| 19:58 | Build | Market |
| 20:35 | Queue | Villager (Male) |
| 20:43 | Build | Blacksmith |
| 20:49 | Queue | Villager (Male) |
| 21:09 | Research | Fletching |
| 21:25 | Queue | Villager (Male) |
| 21:52 | Research | Castle Age |
| 22:09 | Research | Gold Mining |
| 23:34 | Research | Stone Mining |
| 23:44 | Research | Scale Barding Armor |
| 24:03 | Research | Forging |
| 24:03 | Research | Forging |
| 24:32 | Age | Castle Age |
| 24:39 | Build | Town Center |
| 24:43 | Build | Siege Workshop |
| 25:06 | Queue | Villager (Male) |
| 25:06 | Queue | Villager (Male) |
| 25:08 | Queue | Villager (Male) |
| 25:25 | Queue | Mangonel |
| 25:39 | Queue | Villager (Male) |
| 25:42 | Queue | Villager (Male) |
Build order — gotdapower
First 150 of 313 actions detected
| 0:02 | Queue | Villager (Male) |
| 0:02 | Queue | Villager (Male) |
| 0:02 | Queue | Villager (Male) |
| 0:04 | Build | House |
| 0:05 | Build | House |
| 0:56 | Queue | Villager (Male) |
| 1:30 | Queue | Villager (Male) |
| 2:05 | Build | Lumber Camp |
| 2:06 | Queue | Villager (Male) |
| 2:27 | Queue | Villager (Male) |
| 2:57 | Queue | Villager (Male) |
| 3:09 | Build | House |
| 3:17 | Queue | Villager (Male) |
| 3:18 | Queue | Villager (Male) |
| 3:50 | Queue | Villager (Male) |
| 3:50 | Queue | Villager (Male) |
| 4:28 | Queue | Villager (Male) |
| 4:28 | Queue | Villager (Male) |
| 4:47 | Queue | Villager (Male) |
| 4:47 | Queue | Villager (Male) |
| 5:11 | Build | Mill |
| 5:55 | Build | House |
| 6:02 | Build | House |
| 6:06 | Queue | Villager (Male) |
| 6:06 | Queue | Villager (Male) |
| 6:45 | Queue | Villager (Male) |
| 6:45 | Queue | Villager (Male) |
| 7:14 | Research | Loom |
| 7:56 | Research | Feudal Age |
| 8:04 | Build | House |
| 8:50 | Build | Barracks |
| 9:09 | Build | Mining Camp |
| 10:10 | Age | Feudal Age |
| 10:12 | Research | Double-Bit Axe |
| 10:16 | Build | Archery Range |
| 10:24 | Queue | Villager (Male) |
| 10:24 | Queue | Villager (Male) |
| 10:24 | Queue | Villager (Male) |
| 10:25 | Queue | Villager (Male) |
| 10:25 | Queue | Villager (Male) |
| 10:33 | Build | Mill |
| 11:22 | Queue | Archer |
| 11:22 | Queue | Archer |
| 11:22 | Queue | Archer |
| 11:36 | Build | Archery Range |
| 11:48 | Queue | Villager (Male) |
| 11:48 | Queue | Villager (Male) |
| 11:48 | Queue | Villager (Male) |
| 11:49 | Queue | Villager (Male) |
| 12:12 | Queue | Archer |
| 12:12 | Queue | Archer |
| 12:19 | Queue | Archer |
| 12:19 | Queue | Archer |
| 12:29 | Build | House |
| 12:36 | Build | House |
| 12:39 | Queue | Villager (Male) |
| 12:40 | Queue | Villager (Male) |
| 12:45 | Queue | Archer |
| 12:45 | Queue | Archer |
| 12:56 | Build | Farm |
| 12:56 | Build | Farm |
| 12:56 | Build | Farm |
| 13:13 | Build | Lumber Camp |
| 13:30 | Build | Farm |
| 13:47 | Queue | Archer |
| 13:47 | Queue | Archer |
| 13:56 | Build | House |
| 14:08 | Build | Farm |
| 14:10 | Build | Farm |
| 14:37 | Queue | Archer |
| 14:37 | Queue | Archer |
| 14:39 | Build | House |
| 14:46 | Build | House |
| 14:52 | Queue | Villager (Male) |
| 14:55 | Queue | Archer |
| 14:55 | Queue | Archer |
| 15:13 | Build | Blacksmith |
| 15:17 | Queue | Villager (Male) |
| 15:17 | Queue | Villager (Male) |
| 15:20 | Build | Farm |
| 15:20 | Build | Farm |
| 15:21 | Build | Farm |
| 15:29 | Queue | Skirmisher |
| 15:29 | Queue | Skirmisher |
| 16:01 | Build | Market |
| 16:05 | Queue | Villager (Male) |
| 16:13 | Research | Fletching |
| 16:26 | Queue | Spearman |
| 16:52 | Build | House |
| 16:53 | Build | House |
| 16:55 | Build | House |
| 16:57 | Queue | Villager (Male) |
| 16:57 | Queue | Villager (Male) |
| 16:57 | Queue | Villager (Male) |
| 17:00 | Queue | Skirmisher |
| 17:00 | Queue | Skirmisher |
| 17:23 | Build | House |
| 17:25 | Build | House |
| 17:26 | Build | House |
| 18:13 | Queue | Archer |
| 18:13 | Queue | Archer |
| 18:13 | Queue | Archer |
| 18:14 | Queue | Skirmisher |
| 18:14 | Queue | Skirmisher |
| 18:16 | Queue | Villager (Male) |
| 18:16 | Queue | Villager (Male) |
| 18:16 | Queue | Villager (Male) |
| 18:17 | Queue | Villager (Male) |
| 18:17 | Queue | Villager (Male) |
| 18:25 | Queue | Spearman |
| 18:25 | Queue | Spearman |
| 19:21 | Queue | Villager (Male) |
| 19:21 | Queue | Villager (Male) |
| 19:33 | Build | Farm |
| 19:33 | Build | Farm |
| 19:33 | Build | Farm |
| 19:34 | Build | Farm |
| 19:34 | Build | Farm |
| 19:34 | Build | Farm |
| 19:34 | Build | Farm |
| 20:29 | Queue | Villager (Male) |
| 20:45 | Build | Lumber Camp |
| 21:12 | Research | Castle Age |
| 21:17 | Build | Mining Camp |
| 22:00 | Build | Mining Camp |
| 22:10 | Queue | Archer |
| 22:10 | Queue | Archer |
| 22:10 | Queue | Archer |
| 22:11 | Queue | Archer |
| 22:11 | Queue | Archer |
| 22:17 | Research | Forging |
| 22:18 | Queue | Spearman |
| 22:19 | Queue | Spearman |
| 22:19 | Queue | Spearman |
| 24:05 | Queue | Archer |
| 24:05 | Queue | Archer |
| 24:05 | Queue | Archer |
| 24:06 | Queue | Archer |
| 24:06 | Queue | Villager (Male) |
| 24:06 | Queue | Villager (Male) |
| 24:07 | Queue | Villager (Male) |
| 24:07 | Queue | Villager (Male) |
| 24:07 | Queue | Villager (Male) |
| 24:16 | Age | Castle Age |
| 24:23 | Research | Crossbowman (upgrade) |
| 24:28 | Research | Bodkin Arrow |
| 25:03 | Build | Town Center |
| 25:25 | Queue | Archer |
| 25:25 | Queue | Archer |
| 25:25 | Queue | Archer |
Match timeline
| 6:53 | Guacamole de Élite · wall_segment Palisade Wall x1 |
| 6:55 | Guacamole de Élite · wall_segment Palisade Wall x1 |
| 7:27 | Guacamole de Élite · first_building Barracks |
| 8:50 | gotdapower · first_building Barracks |
| 9:00 | Guacamole de Élite · wall_segment Palisade Wall x1 |
| 10:10 | gotdapower · age_up feudal |
| 10:16 | gotdapower · first_building Archery Range |
| 10:50 | Guacamole de Élite · age_up feudal |
| 11:04 | Guacamole de Élite · first_building Archery Range |
| 11:34 | Guacamole de Élite · wall_segment Stone Wall x13 |
| 11:35 | Guacamole de Élite · wall_segment Stone Wall x1 |
| 12:12 | Guacamole de Élite · first_building Stable |
| 12:28 | Guacamole de Élite · wall_segment Stone Wall x1 |
| 12:28 | Guacamole de Élite · wall_segment Stone Wall x1 |
| 12:31 | Guacamole de Élite · wall_segment Stone Wall x5 |
| 14:03 | Guacamole de Élite · wall_segment Stone Wall x4 |
| 14:42 | Guacamole de Élite · wall_segment Stone Wall x1 |
| 14:43 | Guacamole de Élite · wall_segment Stone Wall x1 |
| 14:48 | Guacamole de Élite · wall_segment Stone Wall x5 |
| 18:23 | Guacamole de Élite · wall_segment Palisade Wall x1 |
| 19:09 | Guacamole de Élite · wall_segment Stone Wall x1 |
| 20:34 | gotdapower · first_market_buy 100 food |
| 21:45 | Guacamole de Élite · first_market_buy 100 food |
| 21:51 | Guacamole de Élite · first_market_sell 100 wood |
| 24:16 | gotdapower · age_up castle |
| 24:32 | Guacamole de Élite · age_up castle |
| 24:43 | Guacamole de Élite · first_building Siege Workshop |
| 25:36 | gotdapower · first_market_sell 100 wood |
| 25:51 | gotdapower · first_building Castle |
| 31:05 | gotdapower · wall_segment Stone Wall x28 |
| 32:38 | Guacamole de Élite · wall_segment Stone Wall x9 |
| 33:04 | Guacamole de Élite · first_building Castle |
| 33:47 | gotdapower · first_building Stable |
| 34:19 | gotdapower · wall_segment Stone Wall x6 |
| 36:43 | gotdapower · first_building Monastery |
| 38:51 | Guacamole de Élite · resign |
[ AI ANALYSIS · 1 CREDIT ]
What really happened in this match?
Wolo.gg analyzes every decision: build order, eco, micro, common mistakes by bracket. Personalized analysis on WhatsApp or Discord in 30 seconds.
Civ guide
Italians
Perfil
Jugador #9177303